 Dungeon Crawl Stone Soup version 0.16.1-2-g95b8d4c (webtiles) character file.

424 inmateoo the Chiller (level 7, -4/46 HPs)
             Began as a Human Ice Elementalist on Mar 24, 2015.
             Was a Follower of Vehumet.
             Shot with an arrow by a centaur (12 damage)
             ... on level 5 of the Dungeon.
             The game lasted 00:07:52 (4600 turns).

inmateoo the Chiller (Human Ice Elementalist)       Turns: 4600, Time: 00:07:52

Health: -4/46      AC:  6    Str:  8    XL:     7   Next: 17%
Magic:  14/14      EV: 13    Int: 18    God:    Vehumet [*.....]
Gold:   117        SH:  0    Dex: 13    Spells: 3 memorised, 6 levels left

rFire  . . .     SeeInvis .     k - +1 falchion
rCold  . . .     Clarity  .     a - +0 robe
rNeg   . . .     SustAb   .     (no shield)
rPois  .         Gourm    .     (no helmet)
rElec  .         Spirit   .     w - +0 cloak
rCorr  .         Warding  .     (no gloves)
rMut   .         Stasis   .     n - +0 pair of boots
MR     +....                    (no amulet)
Stlth  ++........               (no ring)
                                h - ring of protection from magic

@: somewhat resistant to hostile enchantments, unstealthy
A: thin metallic scales 1, forlorn
a: Renounce Religion


You were on level 5 of the Dungeon.
You worshipped Vehumet.
Vehumet was aware of your devotion.
You were not hungry.

You visited 1 branch of the dungeon, and saw 5 of its levels.

You collected 117 gold pieces.

Inventory:

Hand weapons
 k - a +1 falchion (weapon)
Armour
 a - a +0 robe (worn)
 i - a +0 fire dragon armour
 n - a +0 pair of boots (worn)
 w - a +0 cloak (worn)
Jewellery
 h - a ring of protection from magic (left hand)
 v - an uncursed ring of flight
Magical devices
 m - a wand of slowing (40)
 s - a wand of fire (8)
 t - a wand of frost (22)
Scrolls
 f - 2 scrolls of enchant armour
Potions
 d - 2 potions of magic {unknown}
 e - a potion of flight
 l - a potion of brilliance
 r - a potion of curing
 x - a potion of resistance {unknown}
Books
 b - a book of Frost

   Spells                             Type                      Level
   a - Freeze                         Ice                          1
   b - Throw Frost                    Conjuration/Ice              2
   c - Ozocubu's Armour               Charms/Ice                   3
   d - Throw Icicle                   Conjuration/Ice              4
   e - Summon Ice Beast               Ice/Summoning                4
   f - Condensation Shield            Ice                          4
Miscellaneous
 g - a plain deck of war
Comestibles
 c - 3 bread rations
 o - 8 fruits
 q - 3 meat rations


   Skills:
 + Level 3.6 Dodging
 + Level 3.9 Stealth
 + Level 3.3 Spellcasting
 - Level 1.0 Conjurations
 * Level 5.2 Ice Magic


You had 6 spell levels left.
You knew the following spells:

 Your Spells              Type           Power        Failure   Level  Hunger
a - Freeze                Ice            ###.         1%          1    None
b - Throw Frost           Conj/Ice       ##....       10%         2    ##.....
c - Ozocubu's Armour      Chrm/Ice       ##......     21%         3    ###....


Dungeon Overview and Level Annotations

Branches:
Dungeon (5/15)
 Temple: D:4-7

Altars:
Ashenzari
Elyvilon
Fedhas
Nemelex Xobeh
Okawaru
Ru
Vehumet
Xom
Yredelemnul

Annotations:
D:4 1 exclusion


Innate Abilities, Weirdness & Mutations

You are partially covered in thin metallic scales (AC +2).
You have difficulty communicating with the divine.


Message History

A kobold comes into view. It is wielding a club.
You see here an arrow.
The centaur shoots an arrow.
The arrow completely misses you.
You see here an arrow.
Unknown command.
Drink which item? (? for menu, Esc to quit)
You feel better.
The centaur shoots an arrow.
The arrow hits you!
* * * LOW HITPOINT WARNING * * *
The centaur shoots an arrow.
The arrow closely misses you.
You see here 2 arrows.
Unknown command.
Drink which item? (? for menu, Esc to quit)
You feel better.
The kobold shouts!
The kobold hits you with a club.
* * * LOW HITPOINT WARNING * * *
The centaur shoots an arrow.
The arrow hits you but does no damage.
The centaur shoots an arrow.
The arrow hits you!
You die...

##....## ##....##
##....## #.
##(...####. #.
######## ##........
#.##......####(....###
#...........(..#####
#..#........c.##
#.##@..(....##
#...K((.....#
##.<###.....# #.###
####.## #. ### . .


You could see a centaur and a kobold.

Vanquished Creatures
  2 scorpions (D:4)
  A hound (D:4)
  An orc wizard (D:3)
  A worker ant (D:4)
  An iguana (D:4)
  3 gnolls (D:4)
  7 adders
  A giant mite (D:4)
  4 worms
  2 adder skeletons (D:4)
  2 giant geckos
  An ooze (D:4)
  4 orcs
  8 bats
  A bat zombie (D:5)
  2 gnoll zombies (D:3)
  11 goblins
  3 hobgoblins
  2 jackals (D:1)
  9 kobolds
  3 quokkas (D:4)
  5 giant cockroaches
  6 giant newts
  6 rats
86 creatures vanquished.

Notes
Turn   | Place    | Note
--------------------------------------------------------------
     0 | D:1      | inmateoo, the Human Ice Elementalist, began the quest for the Orb.
     0 | D:1      | Reached XP level 1. HP: 13/13 MP: 3/3
   125 | D:2      | Reached XP level 2. HP: 19/19 MP: 1/4
   366 | D:2      | Reached XP level 3. HP: 24/24 MP: 0/6
   370 | D:2      | Learned a level 2 spell: Throw Frost
   374 | D:2      | Learned a level 3 spell: Ozocubu's Armour
   560 | D:3      | Reached XP level 4. HP: 20/30 MP: 8/8
   677 | D:3      | Found a white marble altar of Elyvilon.
   699 | D:3      | Found an iron altar of Okawaru.
   960 | D:3      | Found a basalt altar of Yredelemnul.
  1055 | D:3      | Reached skill level 4 in Ice Magic
  1058 | D:3      | Reached XP level 5. HP: 24/35 MP: 1/9
  1437 | D:3      | Found a radiant altar of Vehumet.
  1450 | D:3      | Became a worshipper of Vehumet
  1890 | D:4      | Reached XP level 6. HP: 26/41 MP: 0/12
  2522 | D:2      | Found a shattered altar of Ashenzari.
  2559 | D:2      | Found a sparkling altar of Nemelex Xobeh.
  2726 | D:2      | Found a blossoming altar of Fedhas.
  2865 | D:1      | Acquired Vehumet's first power
  2865 | D:1      | Offered knowledge of Sandblast by Vehumet.
  3711 | D:4      | Reached XP level 7. HP: 29/46 MP: 12/14
  3984 | D:4      | Found a shimmering altar of Xom.
  3995 | D:4      | Reached skill level 5 in Ice Magic
  4122 | D:4      | Gained mutation: You are partially covered in thin metallic scales (AC +2). [potion of mutation]
  4122 | D:4      | Gained mutation: You have difficulty communicating with the divine. [potion of mutation]
  4209 | D:4      | Noticed a moth of wrath
  4490 | D:4      | Found a sacrificial altar of Ru.
  4558 | D:5      | Entered Level 5 of the Dungeon
  4598 | D:5      | HP: 2/46 [centaur/arrow (13)]
  4600 | D:5      | Shot with an arrow by a centaur

Action                   |  1- 3 |  4- 6 |  7- 9 || total
-------------------------+-------+-------+-------++-------
Melee: Falchion          |     7 |    90 |    10 ||   107
       Unarmed           |     1 |       |       ||     1
 Cast: Freeze            |    31 |    91 |    26 ||   148
       Throw Frost       |       |     4 |       ||     4
       Ozocubu's Armour  |       |     2 |       ||     2
  Use: Scroll            |       |     9 |     4 ||    13
       Potion            |       |       |     3 ||     3
 Stab: Sleeping          |     2 |     3 |     1 ||     6
  Eat: Chunk             |       |     9 |     3 ||    12
